 Dungeon Crawl Stone Soup version 0.21.1-1-g345015fe64 (webtiles) character file.

102 Lavandula the Digger (level 4, 14/30 HPs)
             Began as a Barachi Earth Elementalist on July 10, 2018.
             Was an Initiate of Cheibriados.
             Quit the game on level 3 of the Dungeon.
             The game lasted 00:05:13 (763 turns).

Lavandula the Digger (Barachi Earth Elementalist)    Turns: 763, Time: 00:05:13

Health: 14/30      AC:  2    Str: 10    XL:     4   Next: 77%
Magic:  4/9        EV: 12    Int: 18    God:    Cheibriados [......]
Gold:   61         SH:  0    Dex: 13    Spells: 6/10 levels left

rFire    . . .     SeeInvis .   p - +0 falchion
rCold    . . .     Gourm    +   (no shield)
rNeg     . . .     Faith    .   c - +0 robe
rPois    .         Spirit   .   (no helmet)
rElec    .         Reflect  .   (no cloak)
rCorr    .         Harm     .   (no gloves)
MR       .....                  (no boots)
Stlth    ++........             a - amulet of the gourmand
HPRegen  0.10/turn              j - ring of flight
MPRegen  0.11/turn              (no ring)

@: very slow
A: +LOS, swims, slowness 1, strong legs 1
a: Hop, Bend Time, Renounce Religion, Evoke Flight


You were on level 3 of the Dungeon.
You worshipped Cheibriados.
Cheibriados was noncommittal.
You were not hungry.

You visited 1 branch of the dungeon, and saw 3 of its levels.

You collected 61 gold pieces.

Inventory:

Hand Weapons
 h - a +0 dagger
 p - a +0 falchion (weapon)
Missiles
 b - 11 stones (quivered)
Armour
 c - a +0 robe (worn)
 n - a +1 scale mail of magic resistance
Jewellery
 a - an amulet of the gourmand (around neck)
 j - a ring of flight (left hand)
Scrolls
 f - a scroll of fear {unknown}
 g - 3 scrolls of teleportation {unknown}
 l - 3 scrolls of identify {unknown}
 m - a scroll of amnesia {unknown}
 o - a scroll of remove curse {unknown}
Potions
 i - a potion of flight
Books
 e - a book of Geomancy

   Spells                             Type                      Level
   a - Sandblast                      Earth                        1
   b - Passwall                       Transmutation/Earth          2
   c - Stone Arrow                    Conjuration/Earth            3
   d - Petrify                        Transmutation/Earth          4
   e - Lee's Rapid Deconstruction     Earth                        5
Comestibles
 d - 2 rations


   Skills:
 - Level 2.1 Dodging
 - Level 1.7 Stealth
 + Level 3.5 Spellcasting
   Level 1.1 Transmutations
 - Level 4.5 Earth Magic


You had 6 spell levels left.
You knew the following spells:

 Your Spells              Type           Power        Failure   Level  Hunger
a - Sandblast             Erth           ###...       2%          1    None
b - Stone Arrow           Conj/Erth      ##....       19%         3    ###....


Dungeon Overview and Level Annotations

Branches:
Dungeon (3/15)

Altars:
Cheibriados
Dithmenos
Xom
Yredelemnul


Innate Abilities, Weirdness & Mutations

Shadows flee at your approach. (+LOS)
You can swim through water.
You cover ground slowly.
You can hop short distances.


Message History

Things that are here:
a club x2; a gnoll corpse A jackal comes into view.
You are starting to lose your buoyancy.
Found 5 gold pieces, a triangular soapstone amulet and 4 tomahawks.
Found a stone staircase leading down.
You float gracefully downwards.
Found 13 bolts.
You start to feel less resistant.
You now have 61 gold pieces (gained 5).
Your resistance to elements expires.
a - a triangular soapstone amulet Put on which piece of jewellery? (? for menu, Esc to quit)
You feel a craving for the dungeon's cuisine.
a - an amulet of the gourmand (around neck) Welcome back, Lavandula the Barachi Earth Elementalist.
Cheibriados says: Take it easy.
Press ? for a list of commands and other information.
Okay, then.
Are you sure you want to abandon this character and quit the game? (Confirm with "yes".)

#.#
##########.######
#................
#.########.######
######.# #.#
#.(....########.#
#.....>..........
#.........#####.#
#....@....# #.#
####......# #.#
#(.....# .#
#......# ###.####
.# .# .# .#


There were no monsters in sight!

Vanquished Creatures
  An orc priest (D:3)
  3 gnolls (D:3)
  An ooze (D:1)
  A worm (D:2)
  A dart slug (D:1)
  7 orcs (D:3)
  3 bats (D:2)
  3 goblins
  2 hobgoblins
  3 jackals (D:2)
  2 frilled lizards (D:2)
  A kobold (D:2)
  2 rats (D:2)
30 creatures vanquished.

Notes
Turn   | Place    | Note
-------+----------+-------------------------------------------
     0 | D:1      | Lavandula the Barachi Earth Elementalist began the quest for the Orb.
     0 | D:1      | Reached XP level 1. HP: 13/13 MP: 3/3
   122 | D:2      | Reached XP level 2. HP: 19/19 MP: 1/5
   454 | D:2      | Reached XP level 3. HP: 24/24 MP: 2/6
   483 | D:2      | Found a shimmering altar of Xom.
   483 | D:2      | Found a shadowy altar of Dithmenos.
   488 | D:2      | Found a basalt altar of Yredelemnul.
   490 | D:2      | Found a snail-covered altar of Cheibriados.
   491 | D:2      | Found a faded altar of an unknown god.
   495 | D:2      | Became a worshipper of Cheibriados the Contemplative
   619 | D:3      | Reached skill level 4 in Earth Magic
   626 | D:3      | Learned a level 3 spell: Stone Arrow
   637 | D:3      | Reached XP level 4. HP: 20/30 MP: 2/7
   763 | D:3      | Quit the game

Skill      XL: |  1  2  3  4 |
---------------+-------------+-----
Earth Magic    | 4 |  4.5
Spellcasting   | 3 |  3.5
Dodging        | |  2.1
Stealth        | |  1.7
Transmutations | |  1.1

Action                   |  1- 3 |  4- 6 || total
-------------------------+-------+-------++-------
Melee: Dagger            |     3 |     1 ||     4
       Falchion          |       |     5 ||     5
 Cast: Sandblast         |    30 |    17 ||    47
 Abil: Hop               |     2 |     1 ||     3
  Use: Potion            |       |     3 ||     3
Dodge: Dodged            |     6 |    11 ||    17
       Rpst.: Falchion   |       |     1 ||     1
